 Dungeon Crawl Stone Soup version 0.27.1-1-g398f81649c (webtiles) character file.

Game seed: 9320742457496681657

1925 phibes the Grappler (level 8, 0/74 HPs)
             Began as a Troll Earth Elementalist on Sept 9, 2021.
             Was an Elder of Wu Jian.
             Slain by a vampire mosquito (6 damage)
             ... on level 10 of the Dungeon on Sept 10, 2021.
             The game lasted 01:33:26 (6026 turns).

phibes the Grappler (Troll Earth Elementalist)      Turns: 6026, Time: 01:33:27

Health: 0/74       AC:  7    Str: 16    XL:     8   Next: 96%
Magic:  10/10      EV: 10    Int: 11    God:    Wu Jian [****..]
Gold:   333        SH:  0    Dex: 11    Spells: 11/12 levels left

rFire    + . .     SeeInvis .     - Unarmed
rCold    + . .     Faith    .   (no shield)
rNeg     . . .     Spirit   .   b - +1 robe
rPois    .         Reflect  .   (helmet restricted)
rElec    .         Harm     .   (no cloak)
rCorr    .         Rampage  .   (gloves unavailable)
Will     .....                  (boots unavailable)
Stlth    ++........             (no amulet)
HPRegen  1.22/turn              d - ring of protection from cold
MPRegen  0.12/turn              x - ring of protection from fire

@: no status effects
A: large, unfitting armour, claws 3, regeneration 1, shaggy fur 1, tough skin 1,
iridescent scales 1, low mp 1, weak 1
a: Renounce Religion, Wall Jump, Serpent's Lash


You were on level 10 of the Dungeon.
You worshipped Wu Jian.
Wu Jian was greatly pleased with you.
You visited 1 branch of the dungeon, and saw 9 of its levels.
You also visited: Sewer.

You collected 333 gold pieces.

Inventory:

Hand Weapons
 h - a +0 rapier
 n - a +2 dagger of draining
 o - a +0 short sword
 v - a +0 hunting sling
 w - a +0 giant spiked club
 y - a +2 dagger of speed
 B - a +0 flail
 G - a +0 hand axe
 J - a +0 glaive
 K - a +0 spear
 O - a +1 falchion of holy wrath
 Q - a +1 vorpal war axe
 S - a +4 dagger
 V - a +1 vorpal flail
 Y - a +0 vorpal hunting sling
 Z - a +2 quarterstaff
Missiles
 c - 306 stones
 g - 63 bolts
 i - 62 sling bullets
 m - 4 large rocks
 p - 110 arrows
 T - 6 javelins
Armour
 b - a +1 robe (worn)
 q - a +0 chain mail of poison resistance
 A - a +0 leather armour of fire resistance
 E - a +0 chain mail
 H - a +0 leather armour
 P - a +0 scale mail
 R - a +0 robe
Magical Staves
 F - a staff of air
Jewellery
 d - a ring of protection from cold (left claw)
 x - a ring of protection from fire (right claw)
 I - a ring of see invisible
 L - a ring of resist corrosion
Wands
 W - a wand of acid (14)
Scrolls
 a - 5 scrolls of teleportation
 e - 5 scrolls of identify
 f - a scroll of magic mapping
 r - a scroll of blinking
 u - a scroll of brand weapon {unknown}
 D - a scroll of amnesia
 N - a scroll of fog {unknown}
 U - 4 scrolls of enchant armour
Potions
 j - a potion of resistance {unknown}
 s - a potion of flight {unknown}
 z - a potion of might
 X - a potion of brilliance


   Skills:
 + Level 2.5 Fighting
 + Level 3.7 Dodging
 + Level 2.4 Stealth
 + Level 8.3 Unarmed Combat
 * Level 2.9 Spellcasting
 + Level 0.6 Transmutations
 + Level 3.2 Earth Magic


You had 11 spell levels left.
You knew the following spells:

 Your Spells              Type           Power      Damage    Failure   Level
a - Sandblast             Erth           16%        2d6       7%          1

Your spell library contained the following spells:

 Spells                   Type           Power      Damage    Failure   Level
 Passwall                 Tmut/Erth      4%         N/A       19%         2
 Stone Arrow              Conj/Erth      10%        3d7       38%         3
 Petrify                  Tmut/Erth      5%         N/A       77%         4


Dungeon Overview and Level Annotations

Branches:
Dungeon (8/15)              Sewer (visited)
 Temple: D:4-7         Lair: D:8-11

Altars:
Wu Jian


Innate Abilities, Weirdness & Mutations

You are too large for most types of armour.
You have claws for hands.
Your natural rate of healing is unusually fast.
You are covered in fur. (AC +1)
You have tough skin. (AC +1)
You are partially covered in iridescent scales. (AC +2)
Your magical capacity is low. (-10% MP)
You are weak. (Str -2)


Message History

The vampire mosquito is moderately damaged.
The vampire mosquito bites you.
The vampire mosquito draws strength from your injuries!
The vampire mosquito bites you!
The vampire mosquito draws strength from your injuries!
The vampire mosquito barely misses you.
You closely miss the vampire mosquito.
The vampire mosquito is lightly damaged.
The vampire mosquito bites you.
The vampire mosquito draws strength from your injuries!
The vampire mosquito bites you.
The vampire mosquito draws strength from your injuries!
The vampire mosquito closely misses you.
You closely miss the vampire mosquito.
The vampire mosquito is lightly damaged.
The vampire mosquito barely misses you. The vampire mosquito bites you.
* * * LOW HITPOINT WARNING * * *
The vampire mosquito draws strength from your injuries!
The vampire mosquito closely misses you.
The vampire mosquito bites you.
* * * LOW HITPOINT WARNING * * *
The vampire mosquito draws strength from your injuries!
You scratch the vampire mosquito.
The vampire mosquito is lightly damaged.
The vampire mosquito closely misses you. x2
The vampire mosquito bites you.
* * * LOW HITPOINT WARNING * * *
The vampire mosquito draws strength from your injuries!
You barely miss the vampire mosquito.
The vampire mosquito is lightly damaged.
The vampire mosquito bites you but does no damage.
The vampire mosquito bites you.
* * * LOW HITPOINT WARNING * * *
The vampire mosquito draws strength from your injuries!
The vampire mosquito bites you.
* * * LOW HITPOINT WARNING * * *
The vampire mosquito draws strength from your injuries!
You see here a +0 trident.
The vampire mosquito bites you.
You die...

#####################
#..y.................
#.yy@...........#####
#†#############.# #.#
#.# #.# #.# #.#
#######.##### #..
............. #.##
#####........ #.#
#.####### #.# #.


You could see 3 vampire mosquitoes.

Vanquished Creatures
  Joseph (D:7)
  A wraith (D:8)
  A vampire mosquito (D:10)
  A water moccasin (D:6)
  An ogre (D:6)
  A necrophage (D:4)
  A centaur (D:6)
  2 bullfrogs (Sewer)
  A howler monkey (D:6)
  5 hounds
  An orc priest (D:5)
  3 centaur zombies
  3 jellies (D:6)
  A bullfrog skeleton (D:5)
  A centaur skeleton (D:5)
  4 orc wizards
  4 iguanas
  2 hound skeletons
  A howler monkey skeleton (D:4)
  5 adders
  A white imp (D:7)
  An ufetubus (D:5)
  2 dart slugs
  20 orcs
  7 bats
  5 endoplasms
  8 giant cockroaches
  7 goblins
  8 hobgoblins
  4 jackals
  8 quokkas
  11 ball pythons
  10 frilled lizards
  6 kobolds
  8 rats
146 creatures vanquished.

Notes
Turn   | Place    | Note
-------+----------+-------------------------------------------
     0 | D:1      | phibes the Troll Earth Elementalist began the quest for the
                  | Orb.
     0 | D:1      | Reached XP level 1. HP: 16/16 MP: 1/1
   281 | D:1      | Reached XP level 2. HP: 24/24 MP: 2/2
   413 | D:1      | Found a faded altar of an unknown god.
   428 | D:1      | Reached skill level 1 in Unarmed Combat
   433 | D:1      | Became a worshipper of the Wu Jian Council
   433 | D:1      | Reached * piety under Wu Jian
   937 | D:2      | Reached XP level 3. HP: 31/31 MP: 3/3
  1353 | D:2      | Reached ** piety under Wu Jian
  1860 | D:3      | Reached skill level 2 in Unarmed Combat
  2168 | D:3      | Gained mutation: You are partially covered in iridescent
                  | scales. (AC +2) [potion of mutation]
  2168 | D:3      | Gained mutation: Your magical capacity is low. (-10% MP)
                  | [potion of mutation]
  2168 | D:3      | Gained mutation: You are weak. (Str -2) [potion of
                  | mutation]
  2226 | D:4      | Noticed a necrophage
  2284 | D:4      | Found a glowing drain.
  2306 | D:4      | Reached XP level 4. HP: 39/39 MP: 4/4
  2308 | Sewer    | Entered a sewer
  2599 | Sewer    | Noticed a bullfrog
  2614 | Sewer    | Killed a bullfrog
  2615 | Sewer    | Reached skill level 3 in Unarmed Combat
  2615 | Sewer    | Reached XP level 5. HP: 24/46 MP: 5/5
  3007 | D:4      | Killed a necrophage
  3008 | D:4      | Reached skill level 1 in Fighting
  3008 | D:4      | Reached skill level 4 in Unarmed Combat
  3008 | D:4      | Reached XP level 6. HP: 54/55 MP: 6/6
  3058 | D:4      | Reached *** piety under Wu Jian
  3468 | D:4      | Reached skill level 5 in Unarmed Combat
  3937 | D:5      | Entered Level 5 of the Dungeon
  3993 | D:5      | Reached XP level 7. HP: 54/62 MP: 7/7
  4553 | D:5      | Reached **** piety under Wu Jian
  4697 | D:6      | Reached skill level 6 in Unarmed Combat
  5158 | D:6      | Reached XP level 8. HP: 44/71 MP: 9/9
  5234 | D:6      | Reached skill level 7 in Unarmed Combat
  5655 | D:7      | Noticed Joseph
  5674 | D:7      | Killed Joseph
  5894 | D:8      | Reached skill level 8 in Unarmed Combat
  5956 | D:7      | You fall into a shaft and drop 3 floors!
  5956 | D:10     | Entered Level 10 of the Dungeon
  6026 | D:10     | Slain by a vampire mosquito

Illustrated notes

Levels and vault maps discovered:
D:1:      lightli_arrival_isolated_outpost, layout_loops_ring,
          ebering_ecumenical_altar_ruins
D:2:      layout_basic
D:3:      layout_loops_ring, hangedman_glass_teeth
D:4:      layout_layer_cave, cheibrodos_sewer_entry_sluice
D:5:      layout_gridville, hangedman_decor_peaks_small
D:6:      layout_loops_ring
D:7:      layout_cave_pods, mainiacjoe_overflow_chevrons, temple_hall_moat,
          serial_shops, kennysheep_mini, minivault_1, uniq_joseph
D:8:      layout_layer_cave, grunt_lair_entry_orc_guard_hut, uniq_harold
D:10:     layout_long_grid

Skill      XL: |  1  2  3  4  5  6  7  8 |
---------------+-------------------------+-----
Earth Magic    | 3 |  3.2
Unarmed Combat | 1 2 3 4 5 6 8 |  8.3
Dodging        | 2 3 |  3.7
Fighting       | 1 2 |  2.5
Stealth        | 2 |  2.4
Spellcasting   | 2 |  2.9
Transmutations | |  0.6

Action                   |  1- 3 |  4- 6 |  7- 9 || total
-------------------------+-------+-------+-------++-------
Melee: Unarmed           |   175 |   146 |   176 ||   497
       Punch             |       |       |     2 ||     2
 Cast: Sandblast         |       |       |     2 ||     2
Invok: Lunge             |    14 |    11 |    10 ||    35
       Whirlwind         |       |     2 |     6 ||     8
  Use: Potion            |     7 |       |       ||     7
       Scroll            |     6 |       |     5 ||    11
 Stab: Sleeping          |     7 |     4 |     2 ||    13
Armor: Robe              |    63 |    43 |    64 ||   170
Dodge: Dodged            |    83 |    62 |    78 ||   223
